 Dungeon Crawl Stone Soup version 0.28-a0-472-g50180c0d78 (webtiles) character file.

Game seed: 1167458931809970826

29 Dabor the Grave Robber (level 3, 0/26 HPs)
             Began as a Demonspawn Wanderer on Sept 15, 2021.
             Succumbed to an adder's poison
             ... on level 2 of the Dungeon.
             The game lasted 00:02:11 (1454 turns).

Dabor the Grave Robber (Demonspawn Wanderer)        Turns: 1454, Time: 00:02:11

Health: 0/26       AC:  2    Str: 11    XL:     3   Next: 1%
Magic:  3/5        EV: 11    Int: 13    God:
Gold:   28         SH:  0    Dex: 14    Spells: 4/4 levels left

rFire   . . .      SeeInvis .   a - +0 spear
rCold   . . .      Faith    .   (no shield)
rNeg    . . .      Spirit   .   b - +0 robe
rPois   .          Reflect  .   (no helmet)
rElec   .          Harm     .   (no cloak)
rCorr   .          Rampage  .   (no gloves)
Will    .....                   (no boots)
Stlth   ++........              (no amulet)
HPRegen 0.08/turn               (no ring)
MPRegen 0.09/turn               (no ring)

@: lethally poisoned (0 -> -5)
A: claws 1
a: no special abilities


You were on level 2 of the Dungeon.
You visited 1 branch of the dungeon, and saw 2 of its levels.

You collected 28 gold pieces.

Inventory:

Hand Weapons
 a - a +0 spear (weapon)
 c - a +0 dagger
Armour
 b - a +0 robe (worn)
Scrolls
 e - a scroll of teleportation {unknown}
 f - a scroll of torment {unknown}
Potions
 d - 2 potions of curing {unknown}


   Skills:
 + Level 1.4 Fighting
 - Level 1.0 Polearms
 + Level 0.6 Dodging
 + Level 2.1 Stealth
 + Level 1.3 Spellcasting
 - Level 1.0 Summonings
 + Level 3.6 Necromancy
 + Level 1.4 Evocations


You had 4 spell levels left.
You didn't know any spells.
Your spell library contained the following spells:

 Spells                   Type           Power      Damage    Failure   Level
 Summon Small Mammal      Summ           12%        N/A       19%         1
 Foxfire                  Conj/Fire      0%         2x1d4     26%         1
 Call Imp                 Summ           3%         N/A       26%         2
 Call Canine Familiar     Summ           3%         N/A       47%         3
 Summon Guardian Golem    Hex/Summ       2%         N/A       54%         3
 Ignite Poison            Fire/Tmut/Pois 0%         N/A       63%         3
 Summon Lightning Spire   Summ/Air       2%         N/A       91%         4


Dungeon Overview and Level Annotations

Branches:
Dungeon (2/15)

Altars:


Innate Abilities, Weirdness & Mutations

You have sharp fingernails.


Message History

Your experience leads to an increase in your attributes!
Increase (S)trength, (I)ntelligence, or (D)exterity?
You feel stronger. The adder bites you.
There is a stone staircase leading up here.
You hit the adder but do no damage. The adder barely misses you.
You hit the adder.
The adder is heavily wounded.
The adder bites you.
You are poisoned.
The adder poisons you!
You completely miss the adder.
The adder is heavily wounded.
You feel sick. The adder completely misses you. The adder bites you.
You barely miss the adder.
The adder is heavily wounded.
You feel sick. The adder bites you.
You are more poisoned.
The adder poisons you!
You are too injured to fight recklessly!
You are too injured to fight recklessly!
You are too injured to fight recklessly!
You are too injured to fight recklessly!
You are too injured to fight recklessly!
You hit the rat.
You kill the rat!
You feel sick. The adder bites you.
* * * LOW HITPOINT WARNING * * *
You feel sick. The adder bites you but does no damage. The adder bites you.
* * * LOW HITPOINT WARNING * * *
You are lethally poisoned!
The adder poisons you!
You see here a rat corpse.
* * * LOW HITPOINT WARNING * * *
You feel sick.
* * * LOW HITPOINT WARNING * * *
You feel sick.
You miss the adder.
The adder is heavily wounded.
You die...

##### ######....#
##....@....#
######.....S....#
.....)..$†......#
###(..<†.........
#.....$......##
#.....>.....##
#........?..#
...........#...
####........##..


You could see an adder.

Vanquished Creatures
  A dart slug (D:1)
  2 ball pythons (D:1)
  7 endoplasms (D:1)
  A giant cockroach (D:1)
  A goblin (D:1)
  3 hobgoblins
  A quokka (D:1)
  3 bats (D:1)
  3 kobolds
  2 rats
24 creatures vanquished.

Notes
Turn   | Place    | Note
-------+----------+-------------------------------------------
     0 | D:1      | Dabor the Demonspawn Wanderer began the quest for the Orb.
     0 | D:1      | Dabor set off with the following items: a +0 spear, a +0
                  | robe, a +0 dagger; and the following spells available to
                  | memorise: Summon Small Mammal, Foxfire, Call Imp, Call
                  | Canine Familiar, Summon Guardian Golem, Ignite Poison,
                  | Summon Lightning Spire
     0 | D:1      | Reached XP level 1. HP: 15/15 MP: 2/2
   343 | D:1      | Gained mutation: You have sharp fingernails. [demonic
                  | ancestry]
   343 | D:1      | Reached XP level 2. HP: 1/21 MP: 3/3
  1445 | D:2      | Reached XP level 3. HP: 26/26 MP: 3/5
  1453 | D:2      | HP: 1/26 [poisoned by an adder]
  1454 | D:2      | Succumbed to an adder's poison

Illustrated notes

Levels and vault maps discovered:
D:1:      onia_arrival_pyramid, layout_basic
D:2:      layout_rooms, grunt_decor_arrowhead, uniq_robin

Skill      XL: |  1  2 |
---------------+-------+-----
Stealth        | 2 |  2.1
Fighting       | |  1.4
Polearms       | |  1.0
Dodging        | |  0.6
Spellcasting   | |  1.3
Summonings     | |  1.0
Necromancy     | |  3.6
Evocations     | |  1.4

Action                   || total
-------------------------++-------
Melee: Spear             ||    68
 Stab: Sleeping          ||     5
Armor: Robe              ||     7
Dodge: Dodged            ||    21

Table legend: (Time is in decaauts)
 A = Elapsed time spent in this place.
 B = Non-inter-level travel time spent in this place.
 C = Inter-level travel time spent in this place.
 D = Time resting spent in this place.
 E = Time spent auto-exploring this place.
 F = Levels seen in this place.
 G = Mean time per level.
                   A        B        C        D        E       F      G
               +--------+--------+--------+--------+--------+-----+--------+
         Total |   1457 |   1447 |     10 |      0 |   1206 |   2 |  728.5 |
       Dungeon |   1457 |   1447 |     10 |      0 |   1206 |   2 |  728.5 |
               +--------+--------+--------+--------+--------+-----+--------+

Top non-repeatable levels by time:
     D:1: 1443 daAuts
     D:2: 14 daAuts
